 Dungeon Crawl Stone Soup version 0.31-a0-854-g362426d53f (webtiles) character file.

Game seed: 12622630509957437783

1 Kurtz the Sneak (level 1, -7/21 HPs)
             Began as a Naga Delver on Oct 8, 2023.
             Mangled by a worm (10 damage)
             ... on level 2 of the Dungeon.
             The game lasted 00:00:15 (91 turns).

Kurtz the Sneak (Naga Delver)                         Turns: 91, Time: 00:00:16

Health: -7/21      AC:  1    Str: 14    XL:     1   Next: 20%
Magic:  1/1        EV:  9    Int: 10    God:
Gold:   13         SH:  0    Dex: 12    Spells: 0/0 levels left

rFire   . . .        a - +0 hand axe
rCold   . . .        (no shield)
rNeg    . . .        b - +0 leather armour
rPois   +            (no helmet)
rElec   .            (no cloak)
rCorr   .            (no gloves)
SInv    +            (no barding)
Will    .....        (no amulet)
Stlth   +++          (no ring)
HPRegen 0.23/turn    (no ring)
MPRegen 0.07/turn

%: no passive effects
@: very slow
A: AC +0, large, see invisible, deformed body, poison resistance, slowness 2,
spit poison 1, naga tail 1
a: Spit Poison


You were on level 2 of the Dungeon.
You visited 1 branch of the dungeon, and saw 4 of its levels.

You collected 13 gold pieces.

Inventory:

Hand Weapons
 a - a +0 hand axe (weapon)
Armour
 b - a +0 leather armour (worn)
Wands
 g - a wand of digging (3)
Scrolls
 c - a scroll of fog
 d - a scroll of revelation
 e - a scroll of fear
Potions
 f - a potion of haste


   Skills:
 - Level 3.0 Fighting
 * Level 2.1 Axes
 - Level 1.5 Dodging
 - Level 7.2 Stealth


You couldn't memorise any spells.
You didn't know any spells.
Your spell library was empty.

Dungeon Overview and Level Annotations

Branches:
Dungeon (5/15)
 Temple: D:4-7

Altars:


Innate Abilities, Weirdness & Mutations

Your serpentine skin is tough. (AC +0)
You have supernaturally acute eyesight. (SInv)
Armour fits poorly on your strangely shaped body.
Your system is resistant to poisons. (rPois)
You cover ground very slowly.
You can spit poison.
You have a snake-like lower body.


Message History

Press: ? - help, Shift-Dir - straight line, f - worm
Aim: a worm (84% to hit)
The splash of poison hits the worm.
The worm is moderately wounded.
Unknown command.
You hit the worm.
The worm is heavily wounded.
The worm barely misses you.
Unknown command.
You hit the worm.
The worm is heavily wounded.
The worm completely misses you.
You hit the worm.
The worm is heavily wounded.
You have got your breath back.
You barely miss the worm.
The worm is heavily wounded.
The worm closely misses you.
You hit the worm.
The worm is severely wounded.
The worm bites you!
You barely miss the worm.
The worm is severely wounded.
You hit the worm but do no damage.
The worm is severely wounded.
The worm bites you.
You hit the worm. You punch the worm.
The worm is severely wounded.
The worm bites you.
You barely miss the worm.
The worm is severely wounded.
The worm bites you!
* * * LOW HITPOINT WARNING * * *
You hit the worm but do no damage.
The worm is severely wounded.
Unknown command.
You hit the worm.
The worm is almost dead.
The worm bites you!
You die...

### ..# #.#
#.# #># #.#
#.# #.# #.#
#@# #.# #w#
#.# #.# #.#
#.# #o#
#.###.##.#.#
#....w.......
####..###..#.
#.## # #.#


You could see a worm.

Vanquished Creatures
  A bat (D:2)
1 creature vanquished.

Notes
Turn   | Place    | Note
-------+----------+-------------------------------------------
     0 | D:5      | Kurtz the Naga Delver began the quest for the Orb.
     0 | D:5      | Reached XP level 1. HP: 21/21 MP: 1/1
    17 | D:4      | Noticed a sleepcap
    91 | D:2      | Mangled by a worm

Illustrated notes

Levels and vault maps discovered:
D:2:      layout_loops_ring, serial_shops, shop, basic_altar,
          hangedman_decor_riveting
D:3:      layout_loops_ring
D:4:      layout_loops_ring, minmay_temple_entry_mini_moons, abandoned_shop,
          uniq_grinder
D:5:      layout_rooms, mainiacjoe_overflow_boulevard, roderic_roman_lattice,
          minmay_misc_feat_rows, lightli_minifort

Action                     || total
---------------------------++-------
  Melee: Hand axe          ||    12
         Punch             ||     1
Ability: Spit Poison       ||     1
   Stab: Sleeping          ||     1
 Armour: Leather armour    ||     5
  Dodge: Dodged            ||     3

Table legend: (Time is in decaauts)
 A = Elapsed time spent in this place.
 B = Non-inter-level travel time spent in this place.
 C = Inter-level travel time spent in this place.
 D = Time resting spent in this place.
 E = Time spent auto-exploring this place.
 F = Levels seen in this place.
 G = Mean time per level.
                   A        B        C        D        E       F      G
               +--------+--------+--------+--------+--------+-----+--------+
         Total |    121 |     99 |     22 |      0 |     40 |   4 |   30.2 |
       Dungeon |    121 |     99 |     22 |      0 |     40 |   4 |   30.2 |
               +--------+--------+--------+--------+--------+-----+--------+

Top non-repeatable levels by time:
     D:3: 53 daAuts
     D:2: 41 daAuts
     D:4: 17 daAuts
     D:5: 9 daAuts
